[Event "Titled Tuesday Blitz March 28 Early 2023"]
[White "Vemparala, Nikash"]
[Black "Winkels, Marcel"]
[WhiteFideId "30960967"]
[BlackFideId "1003887"]
[WhiteElo "2023"]
[BlackElo "1900"]
[Result "1-0"]
[Round "11"]
[TimeControl "180+2"]
[Date "2023.03.28"]
[WhiteClock "0:00:10"]
[BlackClock "0:00:06"]

1. e4 c5 2. Nf3 d6 3. Bb5+ Nd7 4. O-O a6 5. Bd3 Ngf6 6. c3 e6 7. Bc2 b5 8. d4 Bb7 9. Re1 Be7 10. a4 O-O 11. Na3 b4 12. Nc4 d5 13. exd5 Nxd5 14. Nce5 bxc3 15. bxc3 N7f6 16. Qd3 cxd4 17. Nxd4 Rc8 18. Bd2 g6 19. Rab1 Ba8 20. Red1 Qd6 21. Ndf3 Rfd8 22. c4 Nc7 23. Qe2 Nce8 24. Ba5 Qc5 25. Bxd8 Bxd8 26. Ng5 Bb6 27. Nexf7 Rc7 28. Qxe6 Qc6 29. Nh6+ Kg7 30. Qxc6 Bxc6 31. Rxb6 Kxh6 32. Ne6 Rc8 33. Rd8 Rxd8 34. Nxd8 Be4 35. Bxe4 Nxe4 36. Re6 N8d6 37. c5 1-0


[Site "https://www.chess.com"]

[Event "Titled Tuesday Blitz March 28 Early 2023"]
[White "Garrido, Denis"]
[Black "dDobravcan"]
[WhiteFideId "601217"]
[WhiteElo "2263"]
[BlackElo "2154"]
[Result "1-0"]
[Round "11"]
[TimeControl "180+2"]
[Date "2023.03.28"]
[WhiteClock "0:00:06"]
[BlackClock "0:00:02"]

1. e4 d6 2. d4 Nf6 3. Nc3 c6 4. g3 Qc7 5. Bg2 e5 6. Nge2 Be7 7. O-O Nbd7 8. h3 h6 9. Be3 g5 10. f4 gxf4 11. gxf4 Rg8 12. Kh2 Nf8 13. dxe5 dxe5 14. f5 h5 15. Rb1 a5 16. a3 a4 17. Qe1 N8h7 18. Qf2 Ng5 19. Bb6 Qb8 20. Rfd1 Rh8 21. Rd3 Nd7 22. Be3 Nh7 23. Rbd1 Nhf6 24. Nb1 b5 25. Nd2 h4 26. c4 Nh5 27. cxb5 cxb5 28. Nc3 Nf4 29. Bxf4 exf4 30. Nf3 Bc5 31. Qd2 Ra7 32. Nd5 Kf8 33. Kh1 Ne5 34. Nxe5 Qxe5 35. Nxf4 Rg8 36. Rd8+ Kg7 37. Rxg8+ Kxg8 38. Qd8+ Kg7 39. Qg5+ Kh7 40. Qxh4+ Kg7 41. Qg5+ Kh7 42. Qh5+ Kg7 43. Qg4+ Kh7 44. Rd8 Qg7 45. Qh5+ Qh6 46. Rh8+ Kxh8 47. Qxh6+ Kg8 48. e5 Bd4 49. Bd5 Bxe5 50. Qg6+ Kf8 51. Qh6+ Bg7 52. Qd6+ 1-0


[Site "https://www.chess.com"]

[Event "Titled Tuesday Blitz March 28 Early 2023"]
[White "Bashirli, Saadat"]
[Black "Kiseleva, Arina"]
[WhiteFideId "13429990"]
[BlackFideId "4164989"]
[WhiteElo "1408"]
[BlackElo "1756"]
[Result "1/2-1/2"]
[Round "11"]
[TimeControl "180+2"]
[Date "2023.03.28"]
[WhiteClock "0:00:03"]
[BlackClock "0:00:07"]

1. e4 c6 2. c4 d5 3. exd5 cxd5 4. cxd5 Nf6 5. Nc3 Nbd7 6. Nf3 Nb6 7. Bb5+ Bd7 8. Bxd7+ Qxd7 9. O-O Nfxd5 10. d4 e6 11. Re1 Nxc3 12. bxc3 Bd6 13. Qc2 Rc8 14. Be3 Nd5 15. Bd2 Qc7 16. Rac1 O-O 17. c4 Nf6 18. Ne5 b6 19. Bf4 Nh5 20. Bg3 Nxg3 21. hxg3 Rfd8 22. Qc3 a5 23. a3 Bxe5 24. Rxe5 Qd6 25. Re4 f5 26. Rh4 Rc6 27. Qd3 Rdc8 28. Kh2 b5 29. d5 Rxc4 30. Rcxc4 bxc4 31. Rxc4 Rxc4 32. Qxc4 Qxd5 33. Qc8+ Kf7 34. Qc7+ Kf6 35. a4 Kg6 36. Qf4 e5 37. Qc1 Qd4 38. Qc6+ Kg5 39. f3 e4 40. f4+ Kh5 41. Qe6 g6 42. Qf7 h6 43. Qe8 e3 44. Kh3 Qd6 45. Qxe3 g5 46. fxg5 hxg5 47. Kh2 g4 48. Qf2 Kg6 49. Qf4 Qb4 50. Qxb4 axb4 51. a5 b3 52. a6 b2 53. a7 b1=Q 54. a8=Q Qe4 55. Qa6+ Kg7 56. Qa7+ Kg6 57. Qa6+ Kg7 58. Qa1+ Kg6 59. Qc1 Kg7 60. Qc3+ Kg6 61. Qc7 Qd5 62. Qc8 Kf6 63. Qf8+ Kg6 64. Qe8+ Kf6 65. Qh8+ Kg6 66. Qh4 Qe5 67. Qd8 Qf6 68. Qc8 Qg7 69. Qc6+ Qf6 70. Qxf6+ Kxf6 71. Kg1 Ke5 72. Kf2 Kd4 73. Ke2 Ke4 74. Kd2 f4 75. gxf4 Kxf4 76. Ke2 Kg3 77. Kf1 Kh2 78. Kf2 Kh1 79. Kg3 Kg1 80. Kxg4 Kxg2 1/2-1/2


[Site "https://www.chess.com"]

[Event "Titled Tuesday Blitz March 28 Early 2023"]
[White "Larina, Maria"]
[Black "Acikel, Mert"]
[WhiteFideId "24113182"]
[BlackFideId "12956465"]
[WhiteElo "1848"]
[BlackElo "2097"]
[Result "0-1"]
[Round "11"]
[TimeControl "180+2"]
[Date "2023.03.28"]
[WhiteClock "0:00:03"]
[BlackClock "0:00:09"]

1. e4 e5 2. Nf3 Nc6 3. Nc3 Nf6 4. Bb5 Bb4 5. O-O d6 6. d3 O-O 7. Ne2 Ne7 8. c3 Ba5 9. Ng3 Ng6 10. d4 c6 11. Ba4 h6 12. Bc2 Re8 13. a4 Bc7 14. Re1 d5 15. exd5 Nxd5 16. Bxg6 fxg6 17. Nxe5 Qf6 18. c4 Nf4 19. Ne4 Qf5 20. Qf3 Ne6 21. Qc3 Nxd4 22. Qxd4 Bxe5 23. Qd3 Bd7 24. g3 Rad8 25. Qe2 Bd4 26. Qc2 Bxf2+ 27. Qxf2 Rxe4 28. Rxe4 Qxe4 29. Be3 Rf8 30. Qd2 Bh3 31. Re1 Qxc4 32. Qd1 Kh7 33. Bf4 Rf5 34. Be3 Rd5 35. Qe2 Qxe2 36. Rxe2 Rd1+ 37. Kf2 Rf1# 0-1


[Site "https://www.chess.com"]

[Event "Titled Tuesday Blitz March 28 Early 2023"]
[White "Ciuffoletti, Paolo"]
[Black "Cnejev, Vladimir-Alexandru"]
[WhiteFideId "807630"]
[BlackFideId "1260898"]
[WhiteElo "2143"]
[BlackElo "2132"]
[Result "0-1"]
[Round "11"]
[TimeControl "180+2"]
[Date "2023.03.28"]
[WhiteClock "0:00:06"]
[BlackClock "0:00:51"]

1. e4 d6 2. d4 Nf6 3. Nc3 g6 4. f4 Bg7 5. Nf3 O-O 6. e5 dxe5 7. dxe5 Qxd1+ 8. Kxd1 Rd8+ 9. Ke1 Nd5 10. Nxd5 Rxd5 11. Bc4 Rd8 12. Ng5 Bg4 13. Bxf7+ Kf8 14. Be3 h6 15. Ne6+ Bxe6 16. Bxe6 Nc6 17. Kf2 Nd4 18. Bb3 a5 19. Rhd1 Nxb3 20. axb3 b6 21. Ke2 Kf7 22. Rxd8 Rxd8 23. Rd1 Rxd1 24. Kxd1 Ke6 25. Ke2 Kf5 26. Kf3 h5 27. g3 g5 28. fxg5 Bxe5 29. Bf4 Bxb2 30. Bxc7 Bd4 31. h4 e5 32. Bd6 e4+ 33. Ke2 b5 34. Kd2 a4 35. bxa4 bxa4 36. c3 Be5 37. Bxe5 Kxe5 38. c4 a3 39. Kc2 e3 40. g6 Kf6 41. c5 e2 42. Kd2 a2 43. c6 a1=Q 0-1


[Site "https://www.chess.com"]

[Event "Titled Tuesday Blitz March 28 Early 2023"]
[White "Better_Chess_Faster"]
[Black "Abrosimov, Vladimir"]
[BlackFideId "4166892"]
[WhiteElo "2003"]
[BlackElo "2336"]
[Result "1/2-1/2"]
[Round "11"]
[TimeControl "180+2"]
[Date "2023.03.28"]
[WhiteClock "0:00:44"]
[BlackClock "0:00:38"]

1. c4 Nf6 2. g3 c5 3. Bg2 e6 4. Nf3 d5 5. cxd5 exd5 6. d4 c4 7. O-O Nc6 8. b3 cxb3 9. Qxb3 Qb6 10. Nc3 Qxb3 11. axb3 Be6 12. Ne5 Rc8 13. Nxc6 Rxc6 14. Nb5 a6 15. Na3 Bb4 16. Bb2 O-O 17. Rfc1 Rfc8 18. Rxc6 Rxc6 19. Rc1 Bf5 20. Rxc6 bxc6 21. e3 Kf8 22. Bf1 a5 23. h3 Ke7 24. g4 Be4 25. Ba6 Kd6 26. Kf1 Nd7 27. Ke2 Bg2 28. h4 Be4 29. f3 Nb8 30. Bb7 Kc7 31. Ba8 Bxa3 32. Bxa3 Bc2 33. b4 a4 34. b5 cxb5 35. Bxd5 f6 36. Bg8 Nc6 37. Kd2 Bb1 38. Kc1 Bd3 39. Kd2 Bb1 40. Kc1 Bd3 41. Kd2 Bb1 1/2-1/2


[Site "https://www.chess.com"]

[Event "Titled Tuesday Blitz March 28 Early 2023"]
[White "Kornyukov, Alexey"]
[Black "Kriti Mayur Patel"]
[WhiteFideId "4150457"]
[BlackFideId "35061780"]
[WhiteElo "2352"]
[BlackElo "1306"]
[Result "1-0"]
[Round "11"]
[TimeControl "180+2"]
[Date "2023.03.28"]
[WhiteClock "0:01:37"]
[BlackClock "0:00:15"]

1. e4 e5 2. Nf3 Nc6 3. Bc4 Nf6 4. O-O Bc5 5. d4 exd4 6. e5 d5 7. exf6 dxc4 8. Re1+ Be6 9. fxg7 Rg8 10. Ng5 Qf6 11. Nxe6 fxe6 12. Qh5+ Kd7 13. Qxc5 Rxg7 14. Qxc4 Rag8 15. g3 h5 16. Nd2 h4 17. Ne4 Qf3 18. Qxe6+ Kd8 19. Bg5+ Ne7 20. Nf6 hxg3 21. Qd7# 1-0


[Site "https://www.chess.com"]

[Event "Titled Tuesday Blitz March 28 Early 2023"]
[White "Tarnowska, Aleksandra"]
[Black "dorpato"]
[WhiteFideId "1180967"]
[WhiteElo "1776"]
[BlackElo "2051"]
[Result "1-0"]
[Round "11"]
[TimeControl "180+2"]
[Date "2023.03.28"]
[WhiteClock "0:00:06"]
[BlackClock "0:00:01"]

1. e4 c5 2. Nf3 g6 3. d3 Bg7 4. g3 Nc6 5. Bg2 d6 6. O-O Nf6 7. Nc3 O-O 8. Ne2 Bd7 9. Ne1 Qc8 10. f4 Bh3 11. Nf3 Bxg2 12. Kxg2 e6 13. Nh4 d5 14. e5 Nd7 15. g4 f6 16. exf6 Bxf6 17. g5 Bg7 18. Ng3 Ne7 19. Qe2 Nb6 20. Re1 Nf5 21. Nf3 Re8 22. c3 Qc6 23. Qf2 Re7 24. Nxf5 gxf5 25. h4 Rae8 26. Ne5 Qc7 27. Re2 Nd7 28. d4 Nxe5 29. dxe5 b6 30. Be3 Qc6 31. Qf3 Rc7 32. Bf2 b5 33. Rd1 c4 34. Bd4 a5 35. h5 b4 36. Rh1 b3 37. a3 Bf8 38. Qh3 a4 39. Kf3 Rb7 40. g6 h6 41. Qh4 Bg7 42. Qf2 Bf8 43. Rg1 Bxa3 44. bxa3 b2 45. Rb1 Rb3 46. Rbxb2 Rxa3 47. g7 Rb3 48. Rxb3 axb3 49. Qg3 Rb8 50. Qg6 1-0


[Site "https://www.chess.com"]

[Event "Titled Tuesday Blitz March 28 Early 2023"]
[White "Prado, Alexandra"]
[Black "Chemin, Justo Reinaldo"]
[WhiteFideId "3301346"]
[BlackFideId "2101580"]
[WhiteElo "1759"]
[BlackElo "1940"]
[Result "0-1"]
[Round "11"]
[TimeControl "180+2"]
[Date "2023.03.28"]
[WhiteClock "0:00:03"]
[BlackClock "0:00:24"]

1. e4 e5 2. Nf3 Nc6 3. d4 exd4 4. Nxd4 Bb4+ 5. c3 Bc5 6. Be3 Qf6 7. Bc4 Nge7 8. O-O Bb6 9. Na3 O-O 10. f4 d6 11. Nac2 Nxd4 12. cxd4 d5 13. e5 Qc6 14. Bd3 Bf5 15. Rc1 Qg6 16. Bxf5 Nxf5 17. Bf2 h5 18. Qf3 c6 19. a4 Rac8 20. b4 a5 21. bxa5 Bxa5 22. Rfd1 Qg4 23. Qxg4 hxg4 24. Be1 Bxe1 25. Rxe1 Ra8 26. Ra1 Rfe8 27. Reb1 Ra7 28. Kf2 Rea8 29. a5 Kf8 30. Ne3 Nxd4 31. Nxg4 Nb5 32. Ne3 Rxa5 33. Rxa5 Rxa5 34. h4 Ra2+ 35. Kg3 d4 36. Nc4 d3 0-1


[Site "https://www.chess.com"]

[Event "Titled Tuesday Blitz March 28 Early 2023"]
[White "Lauridsen, Jesper Morch"]
[Black "Semenova, Alina"]
[WhiteFideId "1401890"]
[BlackFideId "24113875"]
[WhiteElo "2219"]
[BlackElo "1833"]
[Result "1-0"]
[Round "11"]
[TimeControl "180+2"]
[Date "2023.03.28"]
[WhiteClock "0:02:37"]
[BlackClock "0:01:31"]

1. e4 e6 2. d3 d5 3. Nd2 Nf6 4. g3 Be7 5. Bg2 c5 6. Ngf3 Nc6 7. O-O dxe4 8. dxe4 O-O 9. e5 Nd5 10. Ne4 Qc7 11. Nd6 Bxd6 12. exd6 Qd8 13. c4 Nf6 14. Bg5 h6 15. Bh4 g5 16. Nxg5 hxg5 17. Bxg5 Nd4 18. b4 Kg7 19. bxc5 Rb8 20. Qxd4 1-0


[Site "https://www.chess.com"]

[Event "Titled Tuesday Blitz March 28 Early 2023"]
[White "Clawitter, Craig"]
[Black "Necula, Iulian"]
[WhiteFideId "2023105"]
[BlackFideId "1232380"]
[WhiteElo "2213"]
[BlackElo "1790"]
[Result "1-0"]
[Round "11"]
[TimeControl "180+2"]
[Date "2023.03.28"]
[WhiteClock "0:01:22"]
[BlackClock "0:00:47"]

1. e4 d6 2. d4 Nf6 3. Nc3 e5 4. Nf3 Nbd7 5. Be3 Be7 6. Qd2 h6 7. h3 c6 8. a4 Qc7 9. g4 Nf8 10. Bg2 Ng6 11. O-O a5 12. Rad1 O-O 13. g5 hxg5 14. Nxg5 Nh5 15. Ne2 exd4 16. Qxd4 Bf6 17. Qd3 Bxb2 18. f4 d5 19. e5 Rd8 20. Bf3 d4 21. Bxh5 dxe3 22. Qxd8+ Qxd8 23. Rxd8+ Nf8 24. Bxf7+ 1-0


[Site "https://www.chess.com"]

[Event "Titled Tuesday Blitz March 28 Early 2023"]
[White "Vargas, Mauricio"]
[Black "Hartikainen, Jarmo"]
[WhiteFideId "4404572"]
[BlackFideId "503134"]
[WhiteElo "2025"]
[BlackElo "2142"]
[Result "0-1"]
[Round "11"]
[TimeControl "180+2"]
[Date "2023.03.28"]
[WhiteClock "0:00:09"]
[BlackClock "0:00:18"]

1. e4 c5 2. Nc3 Nc6 3. f4 e6 4. Nf3 d5 5. Bb5 Be7 6. Bxc6+ bxc6 7. e5 h5 8. d3 h4 9. h3 Nh6 10. O-O Nf5 11. b3 Ba6 12. Na4 c4 13. d4 cxb3 14. axb3 Bxf1 15. Qxf1 Ng3 16. Qd1 Ne4 17. Be3 O-O 18. Qe1 Rc8 19. b4 Ng3 20. Nc5 Bxc5 21. bxc5 Ra8 22. Ng5 Qe7 23. Qd1 f6 24. Nf3 a5 25. Nxh4 Qf7 26. Qg4 Nf5 27. Nxf5 exf5 28. Qxf5 fxe5 29. Qxe5 Rfe8 30. Rf1 Rxe5 31. fxe5 Qg6 32. Rf2 a4 33. c3 a3 34. Bc1 a2 35. Bb2 a1=Q+ 36. Bxa1 Rxa1+ 37. Kh2 Rc1 38. Re2 Kf7 39. e6+ Ke7 40. Re3 Rc2 41. Rg3 Qf6 42. Kg1 Kxe6 43. Rf3 Qg6 44. Re3+ Kd7 45. g4 Qf6 46. Re2 Rxe2 0-1


[Site "https://www.chess.com"]

[Event "Titled Tuesday Blitz March 28 Early 2023"]
[White "Sanchez, Robert"]
[Black "Slayyy_200"]
[WhiteFideId "2034360"]
[WhiteElo "2106"]
[BlackElo "2073"]
[Result "0-1"]
[Round "11"]
[TimeControl "180+2"]
[Date "2023.03.28"]
[WhiteClock "0:02:55"]
[BlackClock "0:02:27"]

1. e4 c5 2. Nf3 Nc6 3. d4 cxd4 4. Nxd4 Nf6 5. Nc3 e5 6. Ndb5 d6 7. Bg5 a6 8. Bxf6 gxf6 9. Na3 b5 10. Nd5 f5 11. Bd3 Be6 12. c4 b4 13. Nc2 a5 14. exf5 Bxd5 15. cxd5 Ne7 0-1